Map: Backcountry

Players

Soundwave - Winner!

  • Race: Zerg Zerg
  • League: Gold
  • Spawn Location: 11:00

Cadardossa - Winner!

  • Race: Zerg Zerg
  • Spawn Location: 11:00

Fentales - Winner!

  • Race: Protoss Protoss
  • Spawn Location: 9:00

ZockenForFun

  • Race: Protoss Protoss
  • Spawn Location: 5:00

Juddy

  • Race: Protoss Protoss
  • League: Bronze
  • Spawn Location: 5:00

KnusperKeks

  • Race: Protoss Protoss
  • League: Gold
  • Spawn Location: 5:00

VOD

Have the link to the VOD?

Description

Time

  • Played on: Nov. 18, 2015, 7:07 a.m.
  • Length: 5:07
Show
View Real Time Build Order
Export as new Build Order

Soundwave Zerg - Winner!

Build Orders: Hatch First 

Get SALT Encoding   

  12  0:01  Drone  
  13  0:11  Drone  
  14  0:24  Extractor  
  14  0:25  Extractor  
  14  0:26  Drone x2  
  16  0:58  Hatchery  
  15  1:05  Spawning Pool  
  15  1:06  Overlord  
  14  1:23  Extractor  
  14  1:24  Drone  
  14  1:25  Drone x2  
  16  1:36  Drone  
  17  1:55  Queen  
  17  2:01  Drone x2  
  21  2:17  Queen  
  21  2:22  Metabolic Boost  
  23  2:25  Drone x4  
  27  2:46  Zergling x2  
  27  2:49  Overlord x2  
  27  3:10  Drone x5  
  32  3:19  Lair  
  32  3:23  Extractor  
  32  3:26  Drone x2  
  33  3:27  Roach Warren  
  33  3:30  Drone x2  
  35  3:34  Drone  
  35  3:35  Drone  
  35  3:37  Drone  
  37  3:47  Drone x4  
  41  3:51  Overlord  
  41  4:00  Zergling x2  
  41  4:01  Zergling x4  
  44  4:25  Extractor  
  44  4:27  Roach  
  44  4:28  Roach x2, Extractor  
  48  4:37  Drone  
  48  4:38  Drone x2  
  51  4:39  Drone  
  51  4:41  Overlord  
  51  4:42  Overlord  
  52  4:49  Hatchery, Drone  
Show
View Real Time Build Order
Export as new Build Order

Cadardossa Zerg - Winner!

Build Orders: Hatch First 

Get SALT Encoding   

  12  0:11  Drone  
  12  0:12  Overlord  
  13  0:16  Drone  
  14  0:32  Drone  
  15  0:40  Drone  
  16  0:54  Drone  
  16  0:56  Hatchery  
  16  1:03  Extractor  
  15  1:07  Drone  
  16  1:16  Spawning Pool  
  16  1:18  Drone  
  16  1:30  Drone x2  
  18  1:38  Drone  
  19  1:48  Drone  
  20  1:59  Overlord  
  20  2:08  Queen, Zergling x2  
  21  2:09  Queen  
  21  2:14  Zergling x2  
  26  2:21  Zergling x4  
  28  2:35  Drone  
  28  2:36  Drone  
  30  2:40  Drone  
  30  2:41  Metabolic Boost  
  31  2:55  Drone  
  31  2:56  Drone x2  
  34  3:03  Drone x2  
  36  3:17  Overlord  
  36  3:21  Drone, Extractor  
  36  3:22  Extractor  
  36  3:24  Drone  
  36  3:39  Zergling x6  
  36  3:40  Zergling x8  
  42  3:48  Drone  
  42  3:49  Overlord  
  43  4:02  Overlord  
  43  4:03  Overlord  
  43  4:09  Hatchery  
  42  4:10  Overlord  
  42  4:11  Drone x3  
  45  4:21  Drone x4  
  49  4:30  Drone x4  
  53  4:39  Zergling x2  
  48  5:03  Roach Warren  
Show
View Real Time Build Order
Export as new Build Order

Fentales Protoss - Winner!

Build Orders: Nexus First 

Get SALT Encoding   

  12  0:02  Probe (Chrono Boost)  
  13  0:12  Probe (Chrono Boost)  
  14  0:23  Probe (Chrono Boost)  
  15  0:51  Nexus  
  15  1:02  Pylon  
  15  1:20  Probe (Chrono Boost)  
  15  1:24  Gateway  
  16  1:31  Probe (Chrono Boost)  
  17  1:38  Assimilator  
  17  1:41  Probe (Chrono Boost)  
  17  1:44  Assimilator  
  18  1:52  Probe (Chrono Boost)  
  19  2:02  Probe (Chrono Boost)  
  20  2:10  Probe (Chrono Boost)  
  20  2:13  Probe (Chrono Boost)  
  22  2:18  Cybernetics Core  
  22  2:20  Probe (Chrono Boost)  
  23  2:24  Probe (Chrono Boost)  
  23  2:28  Gateway  
  24  2:31  Probe (Chrono Boost)  
  25  2:37  Probe (Chrono Boost)  
  25  2:41  Probe (Chrono Boost)  
  27  2:48  Probe (Chrono Boost)  
  28  2:52  Probe (Chrono Boost)  
  28  2:55  Pylon  
  29  2:58  Probe (Chrono Boost)  
  29  2:59  Warp Gate (Chrono Boost)  
  29  3:01  Probe (Chrono Boost)  
  31  3:06  Gateway  
  31  3:10  Probe  
  32  3:14  Gateway  
  32  3:18  Gateway  
  32  3:21  Probe  
  32  3:22  Probe  
  34  3:32  Stalker, Probe  
  37  3:36  Stalker  
  39  3:42  Probe  
  39  3:47  Assimilator  
  40  3:49  Probe  
  40  3:51  Assimilator  
  40  3:53  Probe  
  42  4:00  Twilight Council  
  42  4:01  Probe  
  43  4:03  Probe  
  43  4:09  Stalker  
  46  4:13  Pylon  
  46  4:28  Gateway  
  46  4:31  Probe  
  46  4:33  Robotics Facility  
  46  4:34  Robotics Facility  
  47  4:45  Probe  
Show
View Real Time Build Order
Export as new Build Order

ZockenForFun Protoss 

Build Orders:  

Get SALT Encoding   

  12  0:10  Pylon  
  12  0:45  Gateway  
  12  0:54  Gateway  
  12  1:01  Gateway  
  12  1:32  Assimilator  
  12  1:39  Cybernetics Core  
  12  1:47  Probe (Chrono Boost)  
  13  1:58  Probe (Chrono Boost)  
  15  2:08  Probe (Chrono Boost)  
  15  2:19  Probe (Chrono Boost)  
  16  2:29  Probe (Chrono Boost)  
  17  2:30  Gateway  
  17  2:48  Warp Gate (Chrono Boost)  
  17  3:11  Pylon  
  17  3:44  Gateway  
  17  3:47  Adept  
  19  3:51  Adept  
  21  3:56  Zealot  
  23  4:09  Zealot  
  25  4:14  Adept  
  27  4:18  Adept  
  27  4:23  Zealot  
Show
View Real Time Build Order
Export as new Build Order

Juddy Protoss 

Build Orders:  

Get SALT Encoding   

  12  0:01  Probe (Chrono Boost)  
  13  0:25  Pylon  
  13  0:26  Probe (Chrono Boost)  
  14  0:37  Probe (Chrono Boost)  
  15  0:44  Gateway  
  15  0:47  Probe (Chrono Boost)  
  16  1:12  Pylon  
  16  1:20  Pylon  
  16  1:31  Cybernetics Core  
  16  1:45  Gateway  
  16  1:51  Pylon  
  15  2:12  Gateway  
  15  2:16  Assimilator  
  15  2:23  Assimilator  
  15  2:31  Gateway  
  15  2:46  Probe (Chrono Boost)  
  16  2:57  Probe  
  17  3:03  Gateway  
  17  3:08  Stalker  
  17  3:09  Probe  
  17  3:12  Adept  
  22  3:18  Pylon  
  22  3:20  Pylon  
  22  3:56  Probe  
  22  4:02  Gateway  
  23  4:06  Pylon  
Show
View Real Time Build Order
Export as new Build Order

KnusperKeks Protoss 

Build Orders:  

Get SALT Encoding   

  12  0:01  Probe (Chrono Boost)  
  13  0:11  Probe (Chrono Boost)  
  14  0:21  Pylon  
  14  0:23  Probe (Chrono Boost)  
  15  0:40  Probe (Chrono Boost)  
  16  0:44  Gateway  
  16  0:50  Probe (Chrono Boost)  
  16  0:52  Assimilator  
  17  1:01  Probe (Chrono Boost)  
  19  1:11  Probe (Chrono Boost)  
  19  1:13  Assimilator  
  19  1:21  Pylon  
  19  1:22  Probe (Chrono Boost)  
  20  1:32  Probe (Chrono Boost)  
  21  1:43  Cybernetics Core  
  21  1:47  Forge  
  21  1:50  Pylon  
  21  2:00  Probe (Chrono Boost)  
  22  2:11  Probe (Chrono Boost)  
  23  2:20  Stalker  
  23  2:21  Probe (Chrono Boost), Warp Gate (Chrono Boost)  
  26  2:31  Photon Cannon  
  26  2:39  Photon Cannon  
  26  2:50  Stalker  
  28  3:23  Stalker  
  29  3:52  Gateway x2  
  29  3:55  Gateway  
  29  3:56  Gateway  
  29  3:58  Pylon  
  29  4:26  Photon Cannon  
  29  4:28  Nexus  
  29  4:29  Stalker  
Tags
 
Add a new tag
Caveats
  • Supply blocks, unpowered buildings, or Contaminate may cause inaccurate times.
  • Supply counts are checked every 10 seconds.